 Dungeon Crawl Stone Soup version 0.22.1-1-ga44c0e5 (webtiles) character file.

330 rabbit the Magician (level 6, 0/44 HPs)
             Began as a Gnoll Wizard on Oct 15, 2018.
             Slain by an iron imp (2 damage)
             ... on level 3 of the Dungeon.
             The game lasted 00:12:56 (3867 turns).

rabbit the Magician (Gnoll Wizard)                  Turns: 3867, Time: 00:12:58

Health: 0/44       AC:  4    Str:  9    XL:     6   Next: 51%
Magic:  1/16       EV: 15    Int: 22    God:
Gold:   137        SH:  0    Dex: 14    Spells: 8/19 levels left

rFire    + . .     SeeInvis .   a - +0 dagger
rCold    + . .     Gourm    +   (no shield)
rNeg     . . .     Faith    .   w - +1 robe {rC+ rF+}
rPois    .         Spirit   .   y - +0 helmet
rElec    .         Reflect  .   (no cloak)
rCorr    .         Harm     .   (no gloves)
MR       .....                  (no boots)
Stlth    +++.......             x - amulet of the gourmand
HPRegen  0.14/turn              (no ring)
MPRegen  0.15/turn              (no ring)

@: very slightly contaminated
A: distributed training, fangs 1, strong nose
a: no special abilities


You were on level 3 of the Dungeon.
You were very hungry.

You visited 1 branch of the dungeon, and saw 3 of its levels.

You collected 137 gold pieces.

Inventory:

Hand Weapons
 a - a +0 dagger (weapon)
 b - a +0 hunting sling
Missiles
 g - 14 stones (quivered)
 r - 44 sling bullets
Armour
 f - a +0 hat
 i - a cursed +0 leather armour
 p - a +0 robe
 w - a +1 robe of resistance (worn)
 y - a +0 helmet (worn)
Jewellery
 k - an uncursed ring of ice
 x - an amulet of the gourmand (around neck)
Wands
 A - a wand of flame (11)
Scrolls
 e - 2 scrolls of teleportation
 j - 2 scrolls of identify
 l - 2 scrolls of enchant armour {unknown}
 m - a scroll of fear {unknown}
 n - a scroll of enchant weapon {unknown}
 q - a scroll of immolation {unknown}
 z - a scroll of amnesia {unknown}
Potions
 c - 3 potions of curing {unknown}
 h - 2 potions of flight {unknown}
 o - a potion of degeneration {unknown}
 s - a potion of haste {unknown}
 t - a potion of mutation {unknown}
 u - a potion of lignification {unknown}
 v - a potion of invisibility {unknown}
Comestibles
 d - 8 rations


   Skills:
 + Level 2.0 Fighting
 + Level 2.0 Short Blades
 + Level 2.0 Long Blades
 + Level 2.0 Axes
 + Level 2.0 Maces & Flails
 + Level 2.0 Polearms
 + Level 2.0 Staves
 + Level 2.0 Slings
 + Level 2.0 Bows
 + Level 2.0 Crossbows
 + Level 2.0 Throwing
 + Level 2.0 Armour
 + Level 5.0 Dodging
 + Level 4.6 Stealth
 + Level 2.0 Shields
 + Level 2.0 Unarmed Combat
 + Level 7.4 Spellcasting
 + Level 2.6 Conjurations
 + Level 1.5 Hexes
 + Level 1.5 Charms
 + Level 2.6 Summonings
 + Level 1.5 Necromancy
 + Level 2.6 Translocations
 + Level 1.5 Transmutations
 + Level 1.5 Fire Magic
 + Level 1.5 Ice Magic
 + Level 1.5 Air Magic
 + Level 1.5 Earth Magic
 + Level 1.5 Poison Magic
 + Level 2.1 Invocations
 + Level 2.0 Evocations


You had 8 spell levels left.
You knew the following spells:

 Your Spells              Type           Power        Failure   Level  Hunger
a - Magic Dart            Conj           ###.         2%          1    None
b - Blink                 Tloc           N/A          4%          2    None
c - Call Imp              Summ           ###.....     4%          2    None
d - Conjure Flame         Conj/Fire      ###.....     10%         3    None
e - Mephitic Cloud        Conj/Pois/Air  ###.....     11%         3    None

Your spell library contained the following spells:

 Spells                   Type           Power        Failure   Level  Hunger
 Slow                     Hex            ###.....     6%          2    None


Dungeon Overview and Level Annotations

Branches:
Dungeon (3/15)

Altars:
Makhleb
Zin

Shops:
D:3 *

Annotations:
D:2 1 runed door
D:3 Terence


Innate Abilities, Weirdness & Mutations

Your experience applies equally to all skills.
You have very sharp teeth.
Your uncanny sense of smell can sniff out nearby items.


Message History

The iron imp closely misses you.
You hit the iron imp.
You kill the iron imp!
Your Fighting skill increases to level 2!
Your Short Blades skill increases to level 2!
Your Long Blades skill increases to level 2!
Your Axes skill increases to level 2!
Your Maces & Flails skill increases to level 2!
Your Polearms skill increases to level 2!
Your Staves skill increases to level 2!
Your Slings skill increases to level 2!
Your Bows skill increases to level 2!
Your Crossbows skill increases to level 2!
Your Throwing skill increases to level 2!
Your Armour skill increases to level 2!
Your Dodging skill increases to level 5!
Your Shields skill increases to level 2!
Your Unarmed Combat skill increases to level 2!
Your Evocations skill increases to level 2!
The iron imp hits you.
You die...

.### #...)........##..........≈P≈
...###....###..................≈≈
##..##.......)................≈≈
##.##....####.........)......≈≈≈
#..#....# #.###..#..........≈≈
##...#### #.# ##.#.........≈≈≈
###.# #.# #.............≈≈ #..#
#.###.#..........≈≈≈
#############.#@5.#..........≈≈≈
#.(...(......##.###>...........≈
#(≈§§§.?...(.##.# ##..........≈≈
##(≈§§≈(......#.(# ##........P.≈
.#.(.§≈§......#.## ##..<.....#≈
##(.((§≈≈(.......# ###......#
#....§§≈(..$....# #.......#
#.._?..8≈..?....# #......##
#.....≈≈(.5.....# #......#


You could see an iron imp.

Vanquished Creatures
  Sigmund (D:3)
  An iron imp (D:3)
  Jessica (D:3)
  Natasha (D:3)
  A worker ant (D:2)
  An adder (D:2)
  A shadow imp (D:3)
  A dart slug (D:2)
  A leopard gecko (D:2)
  5 orcs
  7 bats
  9 goblins
  6 hobgoblins
  2 jackals (D:2)
  A quokka (D:3)
  5 frilled lizards
  7 kobolds
  8 rats
59 creatures vanquished.

Notes
Turn   | Place    | Note
-------+----------+-------------------------------------------
     0 | D:1      | rabbit the Gnoll Wizard began the quest for the Orb.
     0 | D:1      | Reached XP level 1. HP: 13/13 MP: 8/8
   245 | D:1      | Reached XP level 2. HP: 19/19 MP: 5/10
   848 | D:1      | Learned a level 2 spell: Blink
   851 | D:1      | Learned a level 2 spell: Call Imp
  1119 | D:2      | Reached XP level 3. HP: 25/25 MP: 8/11
  1317 | D:2      | Reached skill level 1 in Invocations
  1499 | D:2      | Found a faded altar of an unknown god.
  1641 | D:2      | Found a runed door.
  1801 | D:2      | Reached skill level 1 in Fighting
  1801 | D:2      | Reached skill level 1 in Short Blades
  1801 | D:2      | Reached skill level 1 in Long Blades
  1801 | D:2      | Reached skill level 1 in Axes
  1801 | D:2      | Reached skill level 1 in Maces & Flails
  1801 | D:2      | Reached skill level 1 in Polearms
  1801 | D:2      | Reached skill level 1 in Staves
  1801 | D:2      | Reached skill level 1 in Slings
  1801 | D:2      | Reached skill level 1 in Bows
  1801 | D:2      | Reached skill level 1 in Crossbows
  1801 | D:2      | Reached skill level 1 in Throwing
  1801 | D:2      | Reached skill level 1 in Armour
  1801 | D:2      | Reached skill level 1 in Shields
  1801 | D:2      | Reached skill level 1 in Unarmed Combat
  1801 | D:2      | Reached skill level 1 in Evocations
  1801 | D:2      | Reached XP level 4. HP: 32/32 MP: 5/13
  2058 | D:3      | Noticed Terence
  2075 | D:2      | Learned a level 3 spell: Conjure Flame
  2079 | D:2      | Learned a level 3 spell: Mephitic Cloud
  2302 | D:3      | Noticed Jessica
  2654 | D:3      | Killed Jessica
  2654 | D:3      | Reached skill level 1 in Hexes
  2654 | D:3      | Reached skill level 1 in Charms
  2654 | D:3      | Reached skill level 1 in Necromancy
  2654 | D:3      | Reached skill level 1 in Transmutations
  2654 | D:3      | Reached skill level 1 in Fire Magic
  2654 | D:3      | Reached skill level 1 in Ice Magic
  2654 | D:3      | Reached skill level 1 in Air Magic
  2654 | D:3      | Reached skill level 1 in Earth Magic
  2654 | D:3      | Reached skill level 1 in Poison Magic
  2676 | D:3      | Reached XP level 5. HP: 17/37 MP: 0/14
  2902 | D:3      | Noticed Sigmund
  3266 | D:3      | Found Zin's Purification Station.
  3269 | D:3      | Found a glowing silver altar of Zin.
  3516 | D:3      | Killed Sigmund
  3516 | D:3      | Reached XP level 6. HP: 26/44 MP: 10/16
  3682 | D:3      | Noticed Natasha
  3692 | D:3      | Killed Natasha
  3780 | D:3      | Found a burning altar of Makhleb.
  3864 | D:3      | HP: 2/44 [iron imp (5)]
  3867 | D:3      | Reached skill level 5 in Dodging
  3867 | D:3      | Slain by an iron imp

Skill      XL: |  1  2  3  4  5  6 |
---------------+-------------------+-----
Conjurations   | 2 |  2.6
Summonings     | 2 |  2.6
Translocations | 2 |  2.6
Invocations    | 1 2 |  2.1
Fighting       | 1 2 |  2.0
Short Blades   | 1 2 |  2.0
Long Blades    | 1 2 |  2.0
Axes           | 1 2 |  2.0
Maces & Flails | 1 2 |  2.0
Polearms       | 1 2 |  2.0
Staves         | 1 2 |  2.0
Slings         | 1 2 |  2.0
Bows           | 1 2 |  2.0
Crossbows      | 1 2 |  2.0
Throwing       | 1 2 |  2.0
Armour         | 1 2 |  2.0
Shields        | 1 2 |  2.0
Unarmed Combat | 1 2 |  2.0
Evocations     | 1 2 |  2.0
Hexes          | 1 |  1.5
Charms         | 1 |  1.5
Necromancy     | 1 |  1.5
Transmutations | 1 |  1.5
Fire Magic     | 1 |  1.5
Ice Magic      | 1 |  1.5
Air Magic      | 1 |  1.5
Earth Magic    | 1 |  1.5
Poison Magic   | 1 |  1.5
Dodging        | 5 |  5.0
Stealth        | |  4.6
Spellcasting   | |  7.4

Action                   |  1- 3 |  4- 6 || total
-------------------------+-------+-------++-------
Melee: Dagger            |    10 |    75 ||    85
       Bite              |     1 |     8 ||     9
       Punch             |       |     1 ||     1
 Fire: Hunting sling     |       |    46 ||    46
 Cast: Magic Dart        |    67 |    41 ||   108
       Mephitic Cloud    |       |    13 ||    13
       Blink             |       |    13 ||    13
       Conjure Flame     |       |     2 ||     2
  Use: Scroll            |       |     2 ||     2
 Stab: Confused          |       |     3 ||     3
  Eat: Chunk             |     2 |     3 ||     5
       Ration            |       |     1 ||     1
Armor: Robe              |     1 |     4 ||     5
Dodge: Dodged            |    15 |    66 ||    81
